 Dungeon Crawl Stone Soup version 0.23.2-1-ga50397a (webtiles) character file.

Game seed: 12752028503291125934

5810 diana the Cleaver (level 10, -8/111 HPs)
             Began as a Demonspawn Fighter on Apr 28, 2019.
             Was an Initiate of Gozag.
             Mangled by a guardian serpent (shapeshifter) (16 damage)
             ... on level 8 of the Dungeon.
             The game lasted 00:16:20 (7580 turns).

diana the Cleaver (Demonspawn Fighter)              Turns: 7580, Time: 00:16:21

Health: -8/111     AC: 17    Str: 21 (24) XL:     10   Next: 50%
Magic:  0/14       EV: 11    Int:  8 (11) God:    Gozag
Gold:   589        SH:  9    Dex: 10 (12) Spells: 9/9 levels left

rFire    + + .     SeeInvis .   a - +0 war axe
rCold    . . .     Gourm    .   c - +0 shield
rNeg     . . .     Faith    .   b - +0 scale mail
rPois    .         Spirit   +   I - +0 helmet
rElec    .         Reflect  .   D - +0 cloak
rCorr    .         Harm     .   E - +0 pair of gloves
MR       .....                  C - +0 pair of boots
Stlth    ..........             u - amulet of rage
HPRegen  0.28/turn              o - +1 ring of evasion
MPRegen  0.14/turn              w - +5 ring of slaying

@: berserking, very quick
A: molten scales 3, fire resistance 1, magic shield, flame cloud immunity
a: Potion Petition, Call Merchant, Bribe Branch, Renounce Religion, Evoke
Berserk Rage


You were on level 8 of the Dungeon.
You worshipped Gozag.
Gozag was pleased with you.
You were not hungry.

You visited 1 branch of the dungeon, and saw 9 of its levels.

You collected 1037 gold pieces.
You spent 36 gold pieces at shops.
You paid 412 gold pieces to Gozag.

Inventory:

Hand Weapons
 a - a +0 war axe (weapon)
 s - a +0 hand axe of flaming
Armour
 b - a +0 scale mail (worn)
 c - a +0 shield (worn)
 r - a +1 leather armour of fire resistance
 C - a +0 pair of boots (worn)
 D - a +0 cloak (worn)
 E - a +0 pair of gloves (worn)
 I - a +0 helmet (worn)
Jewellery
 o - a +1 ring of evasion (left hand)
 u - an amulet of rage (around neck)
 w - a +5 ring of slaying (right hand)
 x - an uncursed ring of flight
Wands
 v - a wand of random effects (23)
 z - a wand of paralysis (6)
 H - a wand of scattershot (8)
 K - a wand of flame (35)
Scrolls
 e - a scroll of amnesia {unknown}
 g - 2 scrolls of noise
 h - 7 scrolls of remove curse
 j - a scroll of identify
 k - a scroll of enchant weapon {unknown}
 p - 3 scrolls of teleportation
 q - a scroll of magic mapping {unknown}
 y - a scroll of fog {unknown}
 B - 2 scrolls of immolation
 F - 2 scrolls of enchant armour {unknown}
 J - a scroll of vulnerability {unknown}
 L - a scroll of fear {unknown}
Potions
 d - 3 potions of degeneration
 l - 2 potions of agility
 m - 5 potions of curing
 n - 2 potions of brilliance
 t - a potion of cancellation
 A - a potion of invisibility {unknown}
 G - a potion of haste {unknown}
 M - a potion of flight {unknown}
Comestibles
 f - 8 rations


   Skills:
 - Level 5.0 Fighting
 + Level 8.9 Axes
 - Level 6.8 Armour
 - Level 6.5 Dodging
 - Level 4.0 Shields
 + Level 5.8 Evocations


You had 9 spell levels left.
You didn't know any spells.
Your spell library contained the following spells:

 Spells                   Type           Power        Failure   Level  Hunger
 Magic Dart               Conj           #...         99%         1    ##.....
 Blink                    Tloc           N/A          100%        2    ###....
 Call Imp                 Summ           #.......     100%        2    ###....
 Slow                     Hex            #.......     100%        2    ###....
 Conjure Flame            Conj/Fire      #.......     100%        3    ####...
 Mephitic Cloud           Conj/Pois/Air  #.......     100%        3    ####...


Dungeon Overview and Level Annotations

Branches:
Dungeon (9/15)             Temple (0/1) D:6
   Lair: D:8-11         Orc: D:9-12

Altars:
Ashenzari
Elyvilon
Gozag
Hepliaklqana
Ru
Sif Muna
Trog
Uskayaw
Vehumet
Xom
Yredelemnul

Shops:
D:4 *

Annotations:
D:4 1 runed translucent door, diana's ghost, novice DsGl


Innate Abilities, Weirdness & Mutations

You are completely covered in molten scales. (AC +4, rF+)
Your flesh is heat resistant. (rF+)
When hurt, damage is shared between your health and your magic reserves.
You are immune to clouds of flame.


Message History

You block the guardian serpent's attack.
You fail to use your ability.
The guardian serpent hits you.
* * * LOW HITPOINT WARNING * * *
The guardian serpent closely misses you.
You barely miss the guardian serpent.
The guardian serpent is heavily wounded.
You block the guardian serpent's attack.
A red film seems to cover your vision as you go berserk!
You feel yourself moving faster!
You feel mighty!
You feel a lot more hungry.
The guardian serpent hits you but does no damage.
The guardian serpent misses you.
You barely miss the guardian serpent.
The guardian serpent is heavily wounded.
The guardian serpent hits you!
* * * LOW HITPOINT WARNING * * *
You slash the guardian serpent!
The guardian serpent is severely wounded.
The guardian serpent hits you!
You die...
Your body crumbles into a pile of gold.

#..# ##..###.###.###
#.## #.......# #..>. #.#
#.#.###.###.###
##.#######.#.# ##...## #
#............# #..##
#..#######.### #.)# #..#
#.# ##..### #..#######.#
#.....#
#......@S..#####.###.###
#.#########......# #))..
#.# #.####.###.### #.#
#.# #.....### #.# #.#
###....). #.# #.#
#.####. #.# #.# #.# #.
#.#########.# #.####.
#.).......>.# #....<.


You could see a guardian serpent.

Vanquished Creatures
  A hydra (D:8)
  Pikel (D:9)
  A cyclops (D:9)
  Maurice (D:8)
  A kobold demonologist (D:9)
  A troll (D:9)
  2 dream sheep (D:8)
  A hippogriff (D:8)
  2 yaks (D:8)
  A sky beast (D:5)
  4 slaves (D:9)
  A black bear (D:9)
  A phantom (D:9)
  2 orc warriors
  An ogre (D:8)
  4 centaurs
  4 big kobolds (D:8)
  4 bullfrogs
  A scorpion (D:5)
  A wyvern skeleton (D:9)
  A water moccasin skeleton (D:7)
  A howler monkey (D:9)
  3 crimson imps
  A bullfrog zombie (D:8)
  3 hounds
  A jelly (D:6)
  A centaur skeleton (D:9)
  5 orc priests
  A bullfrog skeleton (D:9)
  5 orc wizards
  3 iguanas
  2 worker ants (D:4)
  A killer bee zombie (D:8)
  A hound zombie (D:8)
  A hound skeleton (D:6)
  Robin (D:2)
  9 adders
  A shadow imp (D:8)
  2 adder skeletons
  2 adder zombies (D:9)
  8 worms
  6 leopard geckos
  18 orcs
  7 giant cockroaches
  18 goblins
  7 hobgoblins
  9 jackals
  8 quokkas
  A ball python (D:2)
  8 bats
  6 frilled lizards
  2 jackal skeletons (D:4)
  13 kobolds
  A leopard gecko skeleton (D:8)
  2 rats (D:1)
194 creatures vanquished.

Vanquished Creatures (others)
  A plant (D:8)
1 creature vanquished.

Grand Total: 195 creatures vanquished

Notes
Turn   | Place    | Note
-------+----------+-------------------------------------------
     0 | D:1      | diana the Demonspawn Fighter began the quest for the Orb.
     0 | D:1      | Reached XP level 1. HP: 18/18 MP: 1/1
   173 | D:1      | Reached skill level 2 in Axes
   203 | D:1      | Gained mutation: You are partially covered in molten
                  | scales. (AC +2) [demonic ancestry]
   203 | D:1      | Reached XP level 2. HP: 22/24 MP: 2/2
   351 | D:1      | Reached skill level 1 in Dodging
   687 | D:2      | Noticed Robin
   694 | D:2      | Gained mutation: Your flesh is heat resistant. (rF+)
                  | [demonic ancestry]
   694 | D:2      | Reached XP level 3. HP: 23/29 MP: 3/3
   701 | D:2      | Killed Robin
   728 | D:2      | Found a basalt altar of Yredelemnul.
   876 | D:2      | Gained mutation: You are mostly covered in molten scales.
                  | (AC +3) [demonic ancestry]
   876 | D:2      | Reached XP level 4. HP: 31/37 MP: 4/4
  2396 | D:3      | Gained mutation: You are completely covered in molten
                  | scales. (AC +4, rF+) [demonic ancestry]
  2396 | D:3      | Reached XP level 5. HP: 42/42 MP: 5/5
  2574 | D:4      | Found Yna Saur's General Store.
  2579 | D:4      | Reached skill level 3 in Axes
  2596 | D:4      | Bought a scroll of remove curse for 36 gold pieces
  2700 | D:4      | Found a runed translucent door.
  2718 | D:4      | Found a shimmering altar of Xom.
  2978 | D:4      | Found a hazy altar of Hepliaklqana.
  3093 | D:4      | Noticed diana's ghost (novice DsGl)
  3384 | D:5      | Entered Level 5 of the Dungeon
  3503 | D:5      | Found a sacrificial altar of Ru.
  3558 | D:5      | Found a hide-covered altar of Uskayaw.
  3643 | D:5      | Reached XP level 6. HP: 41/48 MP: 6/6
  3801 | D:5      | Noticed a sky beast
  4092 | D:5      | Killed a sky beast
  4092 | D:5      | Gained mutation: You are immune to clouds of flame.
                  | [demonic ancestry]
  4092 | D:5      | Reached XP level 7. HP: 38/55 MP: 7/7
  4376 | D:6      | Found an opulent altar of Gozag.
  4520 | D:6      | Reached skill level 4 in Axes
  4530 | D:6      | Became a worshipper of Gozag Ym Sagoz the Greedy
  4583 | D:6      | Reached skill level 5 in Fighting
  4689 | D:6      | Found a staircase to the Ecumenical Temple.
  4730 | D:6      | Found a white marble altar of Elyvilon.
  4863 | D:6      | Found a shattered altar of Ashenzari.
  4867 | D:6      | Saw a vision of the Shoals and the Spider Nest.
  4867 | D:6      | Noticed a redback
  4867 | D:6      | Noticed a wolf spider
  4867 | D:6      | Noticed a redback
  4867 | D:6      | Noticed a wolf spider
  4867 | D:6      | Noticed a merfolk
  4867 | D:6      | Noticed a hippogriff
  4867 | D:6      | Noticed a sea snake
  4867 | D:6      | Noticed a sea snake
  4867 | D:6      | Noticed a merfolk siren
  4867 | D:6      | Noticed a sea snake
  4867 | D:6      | Noticed a merfolk
  4867 | D:6      | Noticed a merfolk
  4867 | D:6      | Noticed a redback
  5189 | D:7      | Found a bloodstained altar of Trog.
  5239 | D:7      | Reached XP level 8. HP: 23/62 MP: 8/8
  6130 | D:8      | Reached skill level 5 in Axes
  6150 | D:8      | Reached skill level 5 in Armour
  6411 | D:8      | Reached skill level 5 in Dodging
  6543 | D:8      | Noticed a hippogriff
  6553 | D:8      | Killed a hippogriff
  6602 | D:8      | Noticed Maurice
  6633 | D:8      | Reached XP level 9. HP: 54/68 MP: 9/9
  6659 | D:8      | Reached skill level 6 in Axes
  6665 | D:8      | Killed Maurice
  6876 | D:8      | Noticed a three-headed hydra
  6893 | D:8      | Killed a one-headed hydra
  6893 | D:8      | Reached skill level 7 in Axes
  7029 | D:9      | Gained mutation: When hurt, damage is shared between your
                  | health and your magic reserves. [demonic ancestry]
  7029 | D:9      | Reached XP level 10. HP: 74/74 MP: 12/12
  7040 | D:9      | Noticed a cyclops
  7041 | D:9      | Noticed Pikel
  7058 | D:9      | Killed Pikel
  7058 | D:9      | Reached skill level 8 in Axes
  7061 | D:9      | Killed a cyclops
  7066 | D:9      | Found a radiant altar of Vehumet.
  7097 | D:9      | Reached skill level 5 in Evocations
  7223 | D:9      | Found a deep blue altar of Sif Muna.
  7271 | D:9      | Noticed a deep elf knight
  7273 | D:9      | Noticed a centaur warrior
  7280 | D:9      | Noticed an orb spider
  7548 | D:9      | Noticed a guardian serpent
  7580 | D:8      | Mangled by a guardian serpent (shapeshifter)

Skill      XL: |  1  2  3  4  5  6  7  8  9 10 |
---------------+-------------------------------+-----
Axes           | 2 3 4 5 7 8 |  8.9
Dodging        | 1 2 3 4 5 6 |  6.5
Fighting       | 4 5 |  5.0
Armour         | 3 4 5 6 |  6.8
Shields        | 3 4 |  4.0
Evocations     | 3 5 |  5.8

Action                   |  1- 3 |  4- 6 |  7- 9 | 10-12 || total
-------------------------+-------+-------+-------+-------++-------
Melee: War axe           |   102 |   245 |   226 |    87 ||   660
       Hand axe          |       |       |    11 |       ||    11
Invok: Potion Petition   |       |       |     1 |     1 ||     2
 Abil: Evoke Berserk Rag |       |       |       |     3 ||     3
  Use: Potion            |     1 |       |       |     4 ||     5
       Scroll            |       |     1 |       |     7 ||     8
 Stab: Distracted        |       |       |       |     1 ||     1
  Eat: Chunk             |       |     3 |     2 |       ||     5
       Ration            |       |     2 |     2 |     2 ||     6
Armor: Scale mail        |    54 |   101 |   105 |    51 ||   311
Dodge: Dodged            |    39 |    78 |    91 |    62 ||   270
Block: Shield            |    71 |    98 |   126 |    61 ||   356
